 Dungeon Crawl Stone Soup version 0.17.1-1-g73c8601 (webtiles) character file.

259 Rationalist the Skirmisher (level 5, -3/42 HPs)
             Began as a Demonspawn Berserker on Dec 21, 2015.
             Was a Priest of Trog.
             Slain by an ogre
             ... wielding a +0 giant spiked club
              (22 damage)
             ... on level 4 of the Dungeon.
             The game lasted 00:06:06 (4144 turns).

Rationalist the Skirmisher (Demonspawn Berserker)   Turns: 4144, Time: 00:06:07

Health: -3/42      AC:  4    Str: 17    XL:     5   Next: 95%
Magic:  5/5        EV: 13    Int:  9    God:    Trog [***...]
Gold:   163        SH:  0    Dex: 13    Spells: 0 memorised, 4 levels left

rFire  . . .     SeeInvis .     a - +0 hand axe
rCold  . . .     Clarity  .     b - +0 animal skin
rNeg   . . .     SustAt   .     (no shield)
rPois  .         Gourm    .     (no helmet)
rElec  .         Spirit   .     (no cloak)
rCorr  .         Warding  .     (no gloves)
rMut   .         Stasis   .     (no boots)
MR     .....                    (no amulet)
Stlth  ++........               (no ring)
                                s - ring of flight

@: not resistant to hostile enchantments, unstealthy
A: thin metallic scales 1, demonic guardian 1
a: Berserk, Trog's Hand, Burn Spellbooks, Renounce Religion, Evoke Flight


You were on level 4 of the Dungeon.
You worshipped Trog.
Trog was most pleased with you.
You were not hungry.

You visited 1 branch of the dungeon, and saw 4 of its levels.

You collected 163 gold pieces.

Inventory:

Hand Weapons
 a - a +0 hand axe (weapon)
Missiles
 m - 5 bolts of flame
 o - 5 javelins (quivered)
 q - 6 sling bullets
 u - 4 poisoned bolts
Armour
 b - a +0 animal skin (worn)
Jewellery
 s - a ring of flight (left hand)
Wands
 r - a wand of lightning (11)
 y - a wand of digging (12)
Scrolls
 e - a scroll of fog {unknown}
 g - a scroll of remove curse
 k - 2 scrolls of recharging {unknown}
 l - a scroll of immolation {unknown}
 n - a scroll of enchant armour {unknown}
 v - 2 scrolls of enchant weapon {unknown}
Potions
 i - 2 potions of haste
 j - 2 potions of flight
 p - a potion of brilliance
 x - a potion of resistance {unknown}
Comestibles
 c - 3 bread rations
 d - a meat ration
 h - 2 chunks of flesh
 t - 2 beef jerkies


   Skills:
 * Level 4.3 Fighting
 + Level 3.6 Axes
 + Level 0.1 Throwing
 + Level 2.0 Armour
 + Level 3.7 Dodging
 + Level 1.4 Stealth


You had 4 spell levels left.
You didn't know any spells.

Dungeon Overview and Level Annotations

Branches:
Dungeon (4/15)
 Temple: D:4-7

Altars:
Ashenzari
Cheibriados
Elyvilon


Innate Abilities, Weirdness & Mutations

You are partially covered in thin metallic scales (AC +2).
A weak demonic guardian rushes to your aid.


Message History

The ogre is lightly wounded.
You miss the adder.
Your quasit bites the ogre but does no damage.
Your quasit claws the ogre. x2
The adder closely misses you.
Your quasit barely misses the ogre.
Your quasit barely misses the ogre.
Your quasit closely misses the ogre.
The ogre hits you with a giant spiked club!!
Ouch! That really hurt!
* * * LOW HITPOINT WARNING * * *
Drink which item? (? for menu, Esc to quit)
It was a potion of cancellation.
You feel magically purged. The adder bites you but does no damage.
Your quasit completely misses the ogre.
Your quasit claws the ogre.
Your quasit closely misses the ogre.
Drink which item? (? for menu, Esc to quit)
You feel better. The adder barely misses you.
Your quasit bites the ogre but does no damage.
Your quasit claws the ogre.
Your quasit barely misses the ogre.
The ogre hits you with a giant spiked club!!
Ouch! That really hurt!
You die...

.[....................
#######....#####......
#....# #...... #....#
#.).... #....# #......
#....# #...... #....#
#......
#####....#####......
#..@....(.......###.
#.SO5..#............
#......#........###.
#......#........#
#......#........#
........#...)....#
.......###.......>#
.......# ########.#
#+#


You could see an ogre, an adder and a friendly quasit.

Vanquished Creatures
  A phantom (D:3)
  An orc priest (D:3)
  2 adders
  2 worms (D:2)
  3 giant geckos (D:2)
  3 orcs
  6 giant cockroaches
  4 goblins
  11 hobgoblins
  12 jackals
  A quokka (D:2)
  7 bats
  2 giant newts
  10 kobolds
  6 rats
71 creatures vanquished.

Vanquished Creatures (collateral kills)
  An ogre (D:4)
  Jessica (D:2)
  An orc wizard (D:4)
  A worm (D:3)
  3 orcs
7 creatures vanquished.

Grand Total: 78 creatures vanquished

Notes
Turn   | Place    | Note
--------------------------------------------------------------
     0 | D:1      | Rationalist the Demonspawn Berserker began the quest for the Orb.
     0 | D:1      | Reached XP level 1. HP: 18/18 MP: 1/1
   455 | D:1      | Gained mutation: A weak demonic guardian rushes to your aid. [demonic ancestry]
   455 | D:1      | Reached XP level 2. HP: 16/24 MP: 2/2
  1114 | D:2      | Gained mutation: You are partially covered in thin metallic scales (AC +2). [demonic ancestry]
  1114 | D:2      | Reached XP level 3. HP: 14/29 MP: 3/3
  1119 | D:2      | Reached ** piety under Trog
  1407 | D:2      | Noticed Jessica
  1416 | D:2      | Killed Jessica
  1696 | D:2      | Reached XP level 4. HP: 26/37 MP: 4/4
  2349 | D:2      | Found a shattered altar of Ashenzari.
  2440 | D:3      | Found a white marble altar of Elyvilon.
  2750 | D:3      | Found a snail-covered altar of Cheibriados.
  2903 | D:3      | Reached skill level 4 in Fighting
  2933 | D:3      | Reached XP level 5. HP: 30/42 MP: 5/5
  3434 | D:3      | Noticed a phantom
  3490 | D:3      | Killed a phantom
  3490 | D:3      | Reached skill level 1 in Stealth
  3816 | D:4      | Noticed an ogre
  3827 | D:4      | Killed an ogre
  3927 | D:4      | Reached *** piety under Trog
  4136 | D:4      | Noticed an ogre
  4144 | D:4      | Slain by an ogre

Action                   |  1- 3 |  4- 6 || total
-------------------------+-------+-------++-------
Melee: Hand axe          |   108 |   178 ||   286
       Staff             |     7 |       ||     7
Throw: Javelin           |       |     4 ||     4
Invok: Berserk           |     1 |       ||     1
       Trog's Hand       |     1 |       ||     1
  Use: Scroll            |       |     6 ||     6
       Potion            |       |     3 ||     3
 Stab: Sleeping          |       |     1 ||     1
  Eat: Chunk             |     3 |     7 ||    10
       Pizza             |       |     1 ||     1
